 Dungeon Crawl Stone Soup version 0.28-a0-983-g1de4e0787c (webtiles) character file.

Game seed: 1581969656392993993

47 Decritt the Firebug (level 3, -2/43 HPs)
             Began as a Draconian Fire Elementalist on Dec 3, 2021.
             Slain by a goblin (3 damage)
             ... led by Robin
             ... on level 2 of the Dungeon.
             The game lasted 00:04:03 (1589 turns).

Decritt the Firebug (Draconian Fire Elementalist)   Turns: 1589, Time: 00:04:03

Health: -2/43      AC: 21    Str: 10    XL:     3   Next: 48%
Magic:  0/6        EV:  2    Int: 17    God:
Gold:   59         SH:  0    Dex: 11    Spells: 5/6 levels left

rFire   . . .      SeeInvis .   g - +0 falchion
rCold   . . .      Faith    .   (no shield)
rNeg    . . .      Spirit   +   (armour unavailable)
rPois   +          Reflect  .   (helmet currently unavailable)
rElec   .          Harm     .   (cloak currently unavailable)
rCorr   .          Rampage  .   (gloves currently unavailable)
Will    .....      NoTele   +   (boots currently unavailable)
Stlth   ++........              d - amulet of guardian spirit
HPRegen 0.14/turn               (no ring)
MPRegen 0.10/turn               (no ring)

@: tree-form, hasted, very quick
A: stationary, stasis, torment immunity, boosted hp, AC +5, unfitting armour,
(cold-blooded)
a: no special abilities


You were on level 2 of the Dungeon.
You were a tree.
You visited 1 branch of the dungeon, and saw 2 of its levels.

You collected 59 gold pieces.

Inventory:

Hand Weapons
 e - a +0 short sword
 g - a +0 falchion (weapon)
Armour
 h - a +0 pair of boots (melded)
Jewellery
 d - an amulet of guardian spirit (around neck)
Scrolls
 i - 2 scrolls of identify {unknown}
Potions
 b - 2 potions of flight


   Skills:
 * Level 2.0 Fighting
 - Level 1.7 Dodging
 - Level 1.7 Stealth
 + Level 2.3 Spellcasting
 + Level 1.7 Conjurations
 + Level 3.3 Fire Magic


You had 5 spell levels left.
You knew the following spells:

 Your Spells              Type           Power      Damage    Failure   Level
a - Foxfire               Conj/Fire      40%        2x1d6     7%          1

Your spell library contained the following spells:

 Spells                   Type           Power      Damage    Failure   Level
 Scorch                   Fire           26%        2d6       7%          2
 Conjure Flame            Conj/Fire      10%        6-21      21%         3
 Inner Flame              Hex/Fire       7%         N/A       28%         3
 Flame Wave               Conj/Fire      10%        2d5       54%         4


Dungeon Overview and Level Annotations

Branches:
Dungeon (2/15)

Altars:

Annotations:
D:2 Robin


Innate Abilities, Weirdness & Mutations

You are a tree.
Your roots penetrate the ground, keeping you stationary.
You cannot be teleported.
You are immune to unholy pain and torment.
Your maximum health is greatly increased.
Your equipment is partially melded.
((Your plain brown scales are hard. (AC +5)))
You cannot fit into any form of body armour.
((You are cold-blooded and may be slowed by cold attacks.))


Message History

The hobgoblin hits you but does no damage.
The kobold hits you but does no damage. Robin hits you but does no damage.
The goblin hits you but does no damage.
The giant cockroach bites you but does no damage.
Unknown command.
The quokka bites you but does no damage.
The goblin hits you but does no damage.
The hobgoblin hits you but does no damage.
Unknown command.
The giant cockroach bites you but does no damage.
The kobold hits you but does no damage. The goblin barely misses you.
The quokka bites you but does no damage.
The goblin hits you but does no damage.
The hobgoblin hits you but does no damage.
The giant cockroach bites you but does no damage.
The kobold hits you with a +0 club.
* * * LOW HITPOINT WARNING * * *
The quokka bites you but does no damage.
The goblin hits you but does no damage. The goblin barely misses you.
The giant cockroach bites you but does no damage.
The hobgoblin hits you but does no damage.
Unknown command.
The quokka bites you but does no damage.
The kobold hits you but does no damage. Robin hits you but does no damage.
The goblin hits you but does no damage. x2
Unknown command.
The quokka bites you but does no damage.
The giant cockroach bites you but does no damage.
The hobgoblin hits you but does no damage.
The kobold hits you but does no damage. Robin hits you but does no damage.
The goblin hits you but does no damage.
Unknown command.
The quokka bites you.
* * * LOW HITPOINT WARNING * * *
The giant cockroach bites you but does no damage.
The goblin hits you but does no damage.
The hobgoblin hits you but does no damage.
The kobold hits you but does no damage. The goblin hits you with a +0 dagger.
You die...

.... .....##..#..[..###
.... ..............####
..... ....?....##..#....
..... .................
.#.... #.......###....##
......# #g...........###.
......g##gg.......#..##..
.....rwBgrg...#.#...###.#
r....rgK♣gg...#.........#
.....####gB.............#
.... #...g..............#
... ...##...............#
.. ...#.................#
. .. #....###..........#
. ...##.# #..........#
###. #.# #..........# .
.. #######..###


You could see a worm, Robin, a quokka, 2 giant cockroaches, 3 hobgoblins, 7
goblins, a kobold and 2 rats.

Vanquished Creatures
  2 adders (D:2)
  A worm (D:2)
  A dart slug (D:1)
  An endoplasm (D:1)
  2 giant cockroaches (D:1)
  6 goblins
  2 hobgoblins (D:1)
  2 ball pythons
  2 bats
  2 kobolds (D:1)
  4 rats
25 creatures vanquished.

Vanquished Creatures (others)
  82 foxfires
82 creatures vanquished.

Grand Total: 107 creatures vanquished

Notes
Turn   | Place    | Note
-------+----------+-------------------------------------------
     0 | D:1      | Decritt the Draconian Fire Elementalist began the quest for
                  | the Orb.
     0 | D:1      | Reached XP level 1. HP: 14/14 MP: 3/3
   546 | D:1      | Reached skill level 1 in Fighting
   546 | D:1      | Reached XP level 2. HP: 23/23 MP: 3/5
  1450 | D:2      | Reached XP level 3. HP: 29/29 MP: 0/6
  1552 | D:2      | Noticed Robin
  1584 | D:2      | HP: 2/43 [kobold (1)]
  1589 | D:2      | Slain by a goblin

Illustrated notes

Levels and vault maps discovered:
D:1:      dpeg_arrival_rooms_b, layout_basic, serial_bayou_pond_a,
          minmay_statues_item
D:2:      layout_rooms, uniq_robin

Skill      XL: |  1  2  3 |
---------------+----------+-----
Fighting       | 1 2 |  2.0
Dodging        | |  1.7
Stealth        | |  1.7
Spellcasting   | |  2.3
Conjurations   | |  1.7
Fire Magic     | |  3.3

Action                   || total
-------------------------++-------
Melee: Short sword       ||     6
       Unarmed           ||     1
       Falchion          ||    28
       Tailslap          ||     3
 Cast: Foxfire           ||    47
  Use: Potion            ||     4
       Scroll            ||     2
Armor: Skin              ||   126
Dodge: Dodged            ||    96

Table legend: (Time is in decaauts)
 A = Elapsed time spent in this place.
 B = Non-inter-level travel time spent in this place.
 C = Inter-level travel time spent in this place.
 D = Time resting spent in this place.
 E = Time spent auto-exploring this place.
 F = Levels seen in this place.
 G = Mean time per level.
                   A        B        C        D        E       F      G
               +--------+--------+--------+--------+--------+-----+--------+
         Total |   1592 |   1588 |      4 |    243 |   1070 |   2 |  796.0 |
       Dungeon |   1592 |   1588 |      4 |    243 |   1070 |   2 |  796.0 |
               +--------+--------+--------+--------+--------+-----+--------+

Top non-repeatable levels by time:
     D:1: 1288 daAuts
     D:2: 303 daAuts
